 Dungeon Crawl Stone Soup version 0.14.2 (webtiles) character file.

138 FuckCats the Insei (level 4, 0/35 HPs)
             Began as a Mummy Monk on Jan 31, 2016.
             Slain by a ball python (1 damage)
             ... on Level 3 of the Dungeon.
             The game lasted 00:02:39 (2385 turns).

FuckCats the Insei (Mummy Monk)                     Turns: 2385, Time: 00:02:39

HP   0/35        AC  1     Str 14      XL: 4   Next: 12%
MP   4/4         EV 13     Int  9      God:
Gold 62          SH  0     Dex 15      Spells:  0 memorised,  3 levels left

rFire  x . .     SeeInvis .       - Unarmed
rCold  + . .     Clarity  .     (no armour)
rNeg   + + +     Conserve .     (no shield)
rPois  +         rCorr    .     (no helmet)
rElec  .         rRot     +     (no cloak)
SustAb . .       Spirit   .     (no gloves)
rMut   .         Warding  .     b - +0 pair of boots
Saprov . . .     Stasis   .     (no amulet)
MR     .....                    (no ring)
                                (no ring)

@: constricted, not resistant to hostile enchantments, fairly stealthy
A: no food or potions, fire vulnerability, restore body, cold resistance 1, life
protection 3, poison resistance, torment resistance, unbreathing
a: no special abilities


You were on level 3 of the Dungeon.
You were not hungry.

You visited 1 branch of the dungeon, and saw 3 of its levels.

You collected 62 gold pieces.


Innate Abilities, Weirdness & Mutations

You do not eat or drink.
Your flesh is vulnerable to fire.
Your flesh is cold resistant.
You are immune to negative energy.
Your system is resistant to poisons.
You are immune to unholy pain and torment.
You can survive without breathing.


   Skills:
 - Level 3.0 Fighting
 - Level 2.4 Dodging
 - Level 1.5 Stealth
 + Level 4.7 Unarmed Combat


You had 3 spell levels left.
You didn't know any spells.

Inventory:

Armour
 b - a +0 pair of boots (worn)
Comestibles
 g - a bread ration
Scrolls
 a - a scroll of enchant armour {unknown}
 c - a scroll of enchant weapon II {unknown}
 d - 3 scrolls of remove curse {unknown}
 e - 2 scrolls of identify {unknown}
 f - a scroll of amnesia {unknown}
 h - a scroll of random uselessness {unknown}

Dungeon Overview and Level Annotations

Branches:
Dungeon (3/15)

Altars:

▒·········▒
▒▒▒▒▒·▒▒·▒▒▒▒▒▒▒
···>·············
▒▒▒▒▒·▒▒·▒▒▒▒▒▒▒ ▒
▒▒▒▒·▒▒%▒▒▒▒▒▒▒▒▒ ·▒
···>··············
·▒▒▒▒ ▒▒▒▒·▒▒·▒▒▒▒▒▒▒▒▒
······
▒·▒▒·▒▒▒▒▒▒▒▒▒▒▒·····/
▒·▒▒········MS········▒
▒·▒▒▒▒▒▒▒▒▒▒▒▒······▒▒
· ··············▒
▒▒▒▒▒▒▒······▒ ▒···[··▒
▒▒▒▒···▒ ···▒ ·· ·


You could see a ball python.


Message History

You barely miss the adder.
The adder is severely wounded.
The adder barely misses you.
You hit the adder.
You kill the adder!
You have reached level 4!
The ball python barely misses you. The ball python grabs you.
* * * LOW HITPOINT WARNING * * *
The ball python constricts you.
You hit the ball python but do no damage.
The ball python bites you.
* * * LOW HITPOINT WARNING * * *
The ball python constricts you.
You closely miss the ball python. The ball python misses you.
* * * LOW HITPOINT WARNING * * *
The ball python constricts you.
Here: a ball python (constricting you)
The floor.
You closely miss the ball python. The ball python bites you.
* * * LOW HITPOINT WARNING * * *
x2 The ball python constricts you.
You hit the ball python.
The ball python is severely wounded.
The ball python completely misses you.
* * * LOW HITPOINT WARNING * * *
The ball python constricts you.
You barely miss the ball python.
The ball python is severely wounded.
The ball python barely misses you.
You die...

Action                   |  1- 3 |  4- 6 || total
-------------------------+-------+-------++-------
Melee: Unarmed           |   174 |     5 ||   179
 Stab: Sleeping          |     7 |       ||     7

Vault maps used:
D:1:      lightli_arrival_windingriver, serial_bayou_crossing
D:2:      first_bread, uniq_jessica
D:3:      nemelex_xobeh_ov_fountains_minmay

Notes
Turn   | Place    | Note
--------------------------------------------------------------
     0 | D:1      | FuckCats, the Mummy Monk, began the quest for the Orb.
     0 | D:1      | Reached XP level 1. HP: 18/18 MP: 1/1
   161 | D:1      | Reached XP level 2. HP: 24/24 MP: 2/2
   937 | D:1      | Reached skill level 4 in Unarmed Combat
  1030 | D:2      | Noticed Jessica
  1045 | D:2      | Killed Jessica
  1045 | D:2      | Reached XP level 3. HP: 15/29 MP: 3/3
  2380 | D:3      | Reached XP level 4. HP: 8/35 MP: 4/4
  2383 | D:3      | HP: 3/35 [ball python (2)]
  2384 | D:3      | HP: 1/35 [ball python (1)]
  2385 | D:3      | Slain by a ball python

Vanquished Creatures
  Jessica (D:2)
  An adder (D:3)
  A worm (D:2)
  An ooze (D:1)
  A ball python (D:2)
  6 bats
  2 giant cockroaches
  3 goblins (D:1)
  9 hobgoblins
  A quokka (D:2)
  A giant gecko (D:1)
  2 giant newts
  3 kobolds
  7 rats
39 creatures vanquished.
